 Dungeon Crawl Stone Soup version 0.27.1-35-g4d5d836560 (webtiles) character file.

Game seed: 10255421532651954437

11745 karkarkar the Severer (level 11, -1/83 HPs)
             Began as a Hill Orc Fighter on May 7, 2022.
             Was a Believer of Beogh.
             Killed from afar by Frances (42 damage)
             ... with an iron shot
             ... on level 12 of the Dungeon on May 10, 2022.
             The game lasted 00:43:13 (13158 turns).

karkarkar the Severer (Hill Orc Fighter)           Turns: 13158, Time: 00:43:13

Health: -1/83      AC: 15    Str: 35    XL:     11   Next: 82%
Magic:  11/14      EV:  7    Int:  8    God:    Beogh [**....]
Gold:   321        SH: 19    Dex: 10    Spells: 10/10 levels left

rFire    . . .     SeeInvis .   a - +3 war axe (freeze)
rCold    . . .     Faith    .   c - +0 kite shield
rNeg     . . .     Spirit   .   I - +0 plate armour
rPois    .         Reflect  +   (no helmet)
rElec    .         Harm     .   (no cloak)
rCorr    .         Rampage  .   q - +0 pair of gloves
Will     .....                  y - +2 pair of boots
Stlth    ..........             j - amulet of reflection
HPRegen  0.23/turn              F - +6 ring of strength
MPRegen  0.14/turn              M - +6 ring of strength

@: no status effects
A: no striking features
a: Renounce Religion, Smiting


You were on level 12 of the Dungeon.
You worshipped Beogh.
Beogh was pleased with you.
You visited 2 branches of the dungeon, and saw 13 of its levels.

You collected 551 gold pieces.
You spent 230 gold pieces at shops.

Inventory:

Hand Weapons
 a - a +3 war axe of freezing (weapon)
 b - a +2 whip of flaming
 w - the +5 glaive of Giwofec {vorpal, Drain rCorr MP+9 Dex+4}
   (You found it on level 4 of the Dungeon)

   It inflicts extra damage upon your enemies.
   Dex:       It affects your dexterity (+4).
   MP:        It affects your magic capacity (+9).
   rCorr:     It protects you from acid and corrosion.
   Drain:     It drains your maximum health when unequipped.
Missiles
 k - 13 boomerangs (quivered)
 r - 82 poisoned darts
 s - a throwing net
Armour
 c - a +0 kite shield (worn)
 q - a +0 pair of gloves (worn)
 y - a +2 pair of boots (worn)
 I - a +0 plate armour (worn)
Jewellery
 j - an amulet of reflection (around neck)
 F - a +6 ring of strength (left hand)
 M - a +6 ring of strength (right hand)
Wands
 d - a wand of flame (36)
 t - a wand of mindburst (8)
 z - a wand of acid (5)
 E - a wand of digging (8)
 H - a wand of polymorph (1)
 J - a wand of charming (20)
Scrolls
 g - a scroll of immolation
 h - a scroll of silence {unknown}
 i - 6 scrolls of enchant weapon
 m - 5 scrolls of teleportation
 n - a scroll of magic mapping
 p - 2 scrolls of amnesia
 u - 2 scrolls of vulnerability {unknown}
 v - 2 scrolls of noise
 x - a scroll of fog {unknown}
 G - a scroll of blinking
 N - a scroll of enchant armour {unknown}
Potions
 e - a potion of heal wounds
 f - 2 potions of resistance
 l - 6 potions of curing
 o - 2 potions of magic {unknown}
 A - 2 potions of mutation
 C - 3 potions of lignification
 D - 3 potions of cancellation
 K - a potion of haste
 L - a potion of attraction {unknown}


   Skills:
 - Level 3.8 Fighting
 - Level 16.0 Axes
 - Level 2.9 Throwing
 - Level 3.5 Armour
 - Level 0.8 Stealth
 + Level 13.2 Shields
 * Level 4.2 Invocations
 - Level 0.1 Evocations


You had 10 spell levels left.
You didn't know any spells.
Your spell library contained the following spells:

 Spells                   Type           Power      Damage    Failure   Level
 Animate Skeleton         Necr           0%         N/A       99%         1
 Apportation              Tloc           0%         N/A       99%         1
 Corona                   Hex            0%         N/A       99%         1
 Foxfire                  Conj/Fire      0%         2x1d4     99%         1
 Pain                     Necr           0%         1d4       99%         1
 Summon Small Mammal      Summ           0%         N/A       99%         1
 Conjure Flame            Conj/Fire      0%         6-21      100%        3
 Dazzling Flash           Conj/Hex       0%         N/A       100%        3
 Inner Flame              Hex/Fire       0%         N/A       100%        3
 Vampiric Draining        Necr           0%         2d6       100%        3
 Agony                    Necr           0%         N/A       100%        5
 Silence                  Hex/Air        0%         N/A       100%        5


Dungeon Overview and Level Annotations

Branches:
Dungeon (12/15)            Temple (1/1) D:4            Lair (0/6) D:9
    Orc (0/2) D:9

Altars:
Ashenzari
Cheibriados
Dithmenos
Elyvilon
Fedhas
Gozag
Hepliaklqana
Kikubaaqudgha
Makhleb
Nemelex Xobeh
Okawaru
Qazlal
Ru
Sif Muna
Trog
Uskayaw
Vehumet
Wu Jian
Xom
Yredelemnul
Zin
The Shining One
Beogh

Shops:
D:2 [(=:   D:5 *   D:9 [

Annotations:
D:12 Frances


Message History

Aim: a cyclops, quivering large rocks (85% to hit)
You throw a curare-tipped dart.
The curare-tipped dart hits the cyclops.
The cyclops is poisoned.
The cyclops convulses.
The cyclops seems to slow down.
The cyclops is lightly wounded.
Throw: 13 boomerangs
Press: ? - help, Q - select action, (/) - cycle Shift-Dir - straight line, f - Frances, p - cyclops
Aim: Frances, wielding a +0 mace and wearing a +0 ring mail (fast, 61% to hit)
You throw a boomerang. The boomerang hits the cyclops!
The cyclops is moderately wounded.
You throw a boomerang.
The boomerang hits Frances but does no damage.
Frances hits you with a +0 mace!
You closely miss Frances. Frances hits you with a +0 mace.
Aiming: Smiting
Press: ? - help, Dir - move target, f/p - Frances Smite: Frances, wielding a +0 mace and wearing a +0 ring mail (fast)
You smite Frances!
Frances is lightly wounded.
You block Frances's attack. Frances hits you but does no damage.
You slash Frances! You freeze Frances.
Frances is moderately wounded.
Frances completely misses you.
You hit Frances but do no damage.
Frances is moderately wounded.
You block Frances's attack.
You slash Frances! You freeze Frances.
Frances is moderately wounded.
Frances screams a word of power!
The iron shot hits you!!
You closely miss Frances.
Frances is moderately wounded.
Frances chants phrases taken from a devil's mouth.
The iron shot hits you!!
* * * LOW HITPOINT WARNING * * *
You feel much better.
Frances whispers indecipherable words.
The iron shot hits you!!!
Ouch! That really hurt!
You die...

...# #..#
#..# #..#
#..#
#######..###
#.....[....#
#.####..##<#
#.#.#@#
#.###@.# ##
#C#.# #..#.#
#.(#.#
#..#.#
#..#.#
.....# #..
##


You could see Frances (fast) and a cyclops (poisoned, slow).

Vanquished Creatures
  A boulder beetle (D:11)
  A centaur warrior (D:11)
  2 two-headed ogres
  2 cyclopes (D:11)
  Pikel (D:4)
  An unseen horror (D:11)
  Psyche (D:10)
  A troll (D:6)
  A wraith (D:10)
  7 yaks
  Eustachio (D:4)
  Grum (D:10)
  4 vampire mosquitoes (D:11)
  Menkaure (D:4)
  Edmund (D:4)
  An acid dragon (D:10)
  2 water moccasins (D:7)
  Duvessa (D:5)
  A hornet zombie (D:6)
  9 orc warriors
  An ice beast (D:5)
  A black bear (D:7)
  An ogre (D:6)
  7 centaurs
  2 wolves (D:10)
  2 lemures (D:4)
  A phantom (D:7)
  2 kobold brigands
  3 bullfrogs
  A gnoll sergeant (D:6)
  2 scorpions
  Dowan (D:5)
  8 killer bees
  7 wights
  2 centaur zombies
  A centaur skeleton (D:7)
  3 hounds
  8 orc priests
  2 jellies
  A gnoll shaman (D:6)
  An iguana (D:4)
  A scorpion zombie (D:4)
  6 orc wizards
  A killer bee zombie (D:7)
  A hound skeleton (D:5)
  A howler monkey zombie (D:9)
  19 gnolls
  5 adders
  3 worms
  A dart slug (D:2)
  45 orcs
  5 ball pythons
  7 bats
  4 endoplasms (D:1)
  3 giant cockroaches
  7 goblins
  7 hobgoblins
  3 jackals (D:3)
  5 quokkas
  14 frilled lizards
  15 kobolds
  10 rats
260 creatures vanquished.

Vanquished Creatures (others)
  A kobold brigand (D:6)
  A kobold (D:10)
  9 plants (D:1)
11 creatures vanquished.

Grand Total: 271 creatures vanquished

Notes
Turn   | Place    | Note
-------+----------+-------------------------------------------
     0 | D:1      | karkarkar the Hill Orc Fighter began the quest for the Orb.
     0 | D:1      | Reached XP level 1. HP: 19/19 MP: 1/1
   181 | D:1      | Reached XP level 2. HP: 26/27 MP: 2/2
   216 | D:1      | Reached skill level 3 in Axes
   261 | D:1      | Reached XP level 3. HP: 29/33 MP: 3/3
   766 | D:2      | Reached skill level 4 in Axes
   856 | D:2      | Found Ydumiyf's Armour Shoppe.
  1071 | D:2      | Found a faded altar of an unknown god.
  1085 | D:2      | Found Osow's Book Emporium.
  1140 | D:2      | Found Zenuir's Jewellery Boutique.
  1227 | D:2      | Reached XP level 4. HP: 30/40 MP: 4/4
  1502 | D:2      | Found Ziuhiom's Antique Weapon Shoppe.
  1839 | D:2      | Bought a +0 pair of gloves for 58 gold pieces
  2491 | D:3      | Reached skill level 5 in Axes
  2736 | D:4      | Reached XP level 5. HP: 44/46 MP: 5/5
  2749 | D:4      | Found a staircase to the Ecumenical Temple.
  2769 | Temple   | Entered the Ecumenical Temple
  2923 | D:4      | Reached skill level 6 in Axes
  3045 | D:4      | Noticed Menkaure
  3350 | D:4      | Killed Menkaure
  3351 | D:4      | Reached skill level 5 in Shields
  3351 | D:4      | Reached XP level 6. HP: 36/52 MP: 6/6
  3577 | D:4      | Reached skill level 7 in Axes
  3624 | D:4      | Noticed Edmund
  3625 | D:4      | Noticed Pikel
  3643 | D:4      | Killed Edmund
  3644 | D:4      | Reached XP level 7. HP: 49/58 MP: 7/7
  3657 | D:4      | Killed Pikel
  3658 | D:4      | Reached skill level 9 in Axes
  3658 | D:4      | Reached skill level 1 in Throwing
  3658 | D:4      | Reached XP level 8. HP: 40/66 MP: 8/8
  3964 | D:4      | Noticed Eustachio
  4001 | D:4      | Killed Eustachio
  4415 | D:4      | Identified the +5 glaive of Giwofec {vorpal, Drain rCorr
                  | MP+9 Dex+4}
  4451 | D:5      | Entered Level 5 of the Dungeon
  4796 | D:5      | Found Caclodd's General Store.
  4810 | D:5      | Noticed Duvessa
  4810 | D:5      | Noticed Dowan
  4821 | D:5      | Killed Dowan
  4822 | D:5      | Killed Duvessa
  4823 | D:5      | Reached skill level 10 in Axes
  5790 | D:6      | Reached XP level 9. HP: 43/71 MP: 9/9
  5951 | D:6      | Reached skill level 11 in Axes
  5999 | D:6      | Noticed a troll
  6013 | D:6      | Killed a troll
  6708 | D:7      | Reached skill level 12 in Axes
  6829 | D:7      | Became a worshipper of Beogh the Brigand
  7520 | D:8      | Reached XP level 10. HP: 78/78 MP: 10/10
  7529 | D:8      | Reached skill level 13 in Axes
  7529 | D:8      | Reached skill level 10 in Shields
  7894 | D:8      | Reached * piety under Beogh
  8076 | D:8      | Found a roughly hewn altar of Beogh.
  8357 | D:9      | Reached skill level 14 in Axes
  8610 | D:9      | Reached ** piety under Beogh
  8721 | D:9      | Found a broken altar of Ashenzari.
  8883 | D:9      | Found a staircase to the Lair.
  8909 | D:9      | Noticed a two-headed ogre
  8925 | D:9      | Killed a two-headed ogre
  9145 | D:9      | Found Siaqicul's Antique Armour Boutique.
  9151 | D:9      | Bought a pair of embroidered boots for 172 gold pieces
  9234 | D:9      | Found a staircase to the Orcish Mines.
  9658 | D:10     | Entered Level 10 of the Dungeon
  9802 | D:10     | Reached skill level 15 in Axes
  9891 | D:10     | Reached XP level 11. HP: 68/83 MP: 11/11
 10087 | D:10     | Noticed Grum
 10098 | D:10     | Killed Grum
 10903 | D:10     | Noticed Psyche
 10999 | D:10     | Killed Psyche
 11434 | D:11     | Noticed a boulder beetle
 11437 | D:11     | Noticed a two-headed ogre
 11547 | D:11     | Noticed a cyclops
 11559 | D:11     | Killed a cyclops
 12051 | D:11     | Noticed a cyclops
 12059 | D:11     | Killed a cyclops
 12060 | D:11     | Reached skill level 16 in Axes
 12315 | D:11     | Noticed a centaur warrior
 12329 | D:11     | Reached skill level 1 in Invocations
 12330 | D:11     | Killed a centaur warrior
 12532 | D:11     | Killed a boulder beetle
 12726 | D:11     | Killed a two-headed ogre
 13147 | D:12     | Noticed Frances
 13147 | D:12     | Noticed a cyclops
 13158 | D:12     | Killed from afar by Frances

Illustrated notes

Levels and vault maps discovered:
D:1:      tarquinn_simple_flora_water_a, layout_rooms, minmay_lizard_king
D:2:      minmay_door_path, layout_loops_corners,
          hellmonk_ecumenical_altar_lost_god, serial_shops, nicolae_square_shop,
          shop, shop, nicolae_shop_statue_plus
D:3:      layout_loops_ring, skrybe_limestone_x, st_stairs_7,
          kennysheep_flooded_box
D:4:      layout_basic, minmay_temple_entry_glassed_door, minmay_unequal,
          uniq_eustachio, uniq_pikel, uniq_edmund, uniq_menkaure
D:5:      layout_basic, serial_shops, nicolae_shop_competitors_out_of_business,
          kennysheep_another_room, uniq_duvessa
D:6:      layout_gridville
D:7:      layout_loops_ring
D:8:      layout_gridville, special_room [special_room_orc]
D:9:      layout_layer_cave, lemuel_round_altar, lair_entry_dummy, orc_0_dummy,
          serial_shops, shop_fountains, kb_lookout_dungeons_type
D:10:     layout_stronghold, uniq_grum, uniq_psyche
D:11:     layout_grid_maze
D:12:     nicolae_whirlpool, layout_loops_ring, serial_shops, kennysheep_mini,
          nicolae_shop_waterfront, shop, nicolae_shop_stone, uniq_frances
Temple:   compressed_dpeg_circular_temple

Skill      XL: |  1  2  3  4  5  6  7  8  9 10 11 |
---------------+----------------------------------+-----
Axes           | 3 4 5 6 7 9 10 12 15 16 | 16.0
Shields        | 4 5 6 7 9 11 13 | 13.2
Throwing       | 1 2 |  2.9
Invocations    | 4 |  4.2
Fighting       | |  3.8
Armour         | |  3.5
Stealth        | |  0.8
Evocations     | |  0.1

Action                   |  1- 3 |  4- 6 |  7- 9 | 10-12 || total
-------------------------+-------+-------+-------+-------++-------
Melee: War axe           |    98 |   126 |   211 |   318 ||   753
Throw: Boomerang         |       |     8 |    73 |    26 ||   107
       Dart              |       |       |    30 |    40 ||    70
       Throwing net      |       |       |     1 |       ||     1
Invok: Convert to Beogh  |       |       |     1 |       ||     1
       Smiting           |       |       |       |     2 ||     2
Evoke: Wand              |       |       |       |     5 ||     5
  Use: Scroll            |     2 |     5 |     5 |     6 ||    18
       Potion            |       |     3 |     2 |     2 ||     7
Armor: Scale mail        |    33 |       |    48 |    27 ||   108
       Chain mail        |    19 |    48 |    50 |       ||   117
       Plate armour      |       |       |       |    72 ||    72
Dodge: Dodged            |    25 |    25 |    50 |    38 ||   138
Block: Kite shield       |    49 |   109 |   198 |   238 ||   594
       Reflection        |       |       |     9 |    17 ||    26
